Description

PvZ Econ w/ Workers

Replay - [PvZ] Port Aleksander LE - zuka, Temix - 07_55

Build Order

Get SALT Encoding   

  12  0:01  Probe  
  13  0:13  Probe  
  14  0:22  Pylon  
  14  0:23  Probe  
  15  0:36  Probe  
  16  0:44  Gateway  
  16  0:47  Probe  
  17  0:52  Assimilator  
  17  0:59  Probe  
  18  1:09  Probe  
  18  1:10  Forge  
  18  1:17  Probe  
  19  1:32  Nexus  
  19  1:41  Cybernetics Core  
  19  1:44  Probe  
  20  1:51  Assimilator  
  20  1:56  Probe  
  20  1:59  Pylon  
  21  2:07  Adept  
  21  2:08  Probe  
  22  2:18  Warp Gate  
  22  2:21  Probe  
  25  2:33  Twilight Council, Probe  
  26  2:44  Stalker  
  26  2:45  Probe x2  
  30  2:57  Probe x2  
  31  3:04  Robotics Facility  
  32  3:09  Probe x2  
  34  3:21  Probe x2  
  36  3:32  Gateway  
  36  3:33  Probe x2  
  38  3:41  Probe x2, Dark Shrine  
  38  3:47  Adept  
  42  3:49  Probe  
  43  3:57  Warp Prism  
  43  3:59  Gateway x2  
  43  4:00  Probe  
  46  4:11  Pylon  
  46  4:14  Assimilator  
  46  4:23  Pylon  
  46  4:29  Probe x2  
  48  4:38  Nexus  
  48  4:42  Probe  
  50  4:52  Pylon  
  50  4:54  Probe  
  50  4:58  Dark Templar x4  
  58  5:01  Probe  
  58  5:02  Immortal  
  64  5:17  Assimilator  
  63  5:24  Probe x2  
  63  5:27  Charge  
  65  5:36  Probe  
  65  5:40  Immortal, Pylon  
  65  5:42  Archon x2  
  66  5:44  Probe x2  
  66  5:46  Forge  
  72  5:51  Probe x2, Pylon  
  74  6:00  Probe x2  
  75  6:08  Probe x2  
  77  6:17  Probe x2  
  79  6:19  Immortal  
  79  6:25  Probe x2  
  81  6:32  Probe x2  
  87  6:33  Zealot x4  
  87  6:37  Pylon  
  96  6:42  Photon Cannon  
  97  6:48  Gateway x2  
  96  6:54  Pylon  
  96  6:56  Dark Templar x2  
  100  7:02  Dark Templar x2  
  100  7:03  Archon  
  104  7:09  Archon  
  104  7:13  Pylon  
  104  7:17  Gateway x2  
  104  7:23  Pylon  
  104  7:33  Zealot x4  
Spawning Tool Build Advisor. Get it on Overwolf

Go to:

Details

  • Created by: OHSHEE
  • Published on: May 19, 2019
  • Modified on: May 19, 2019
  • Patch: 4.7.1
Show
View Real Time Build Order
Export as new Build Order

Comments (1)

On Sept. 11, 2020, 9:12 a.m., Polaris126  said:

no chronos

Create an account to comment!